 Dungeon Crawl Stone Soup version 0.28.0 (webtiles) character file.

Game seed: 5736930040562159429

106 croobank the Skirmisher (level 4, 0/29 HPs)
             Began as a Tengu Abyssal Knight on Feb 9, 2022.
             Was a Believer of Lugonu.
             Slain by a gnoll (5 damage)
             ... on level 1 of the Dungeon.
             The game lasted 00:04:53 (1825 turns).

croobank the Skirmisher (Tengu Abyssal Knight)      Turns: 1825, Time: 00:04:53

Health: 0/29       AC:  5    Str: 15    XL:     4   Next: 84%
Magic:  6/6        EV: 11    Int: 11    God:    Lugonu [**....]
Gold:   51         SH:  0    Dex: 14    Spells: 3/3 levels left

rFire   . . .      SeeInvis .   e - +1 whip (elec)
rCold   . . .      Faith    .   (no shield)
rNeg    . . .      Spirit   .   g - +0 ring mail
rPois   .          Reflect  .   (helmet restricted)
rElec   .          Harm     .   (no cloak)
rCorr   .          Rampage  .   (no gloves)
Will    .....                   (boots unavailable)
Stlth   +.........              (no amulet)
HPRegen 0.09/turn               (no ring)
MPRegen 0.10/turn               (no ring)

@: no status effects
A: beak, talons 3
a: Renounce Religion, Depart the Abyss, Bend Space


You were on level 1 of the Dungeon.
You worshipped Lugonu.
Lugonu was pleased with you.
You visited 1 branch of the dungeon, and saw 2 of its levels.
You visited the Abyss 1 time.

You collected 51 gold pieces.

Inventory:

Hand Weapons
 a - a +1 hand axe
 c - a +1 whip of pain
 e - a +1 whip of electrocution (weapon)
 h - a +0 dagger
 k - a +0 flail
Missiles
 d - 8 stones
Armour
 b - a +0 leather armour
 g - a +0 ring mail (worn)
Potions
 f - a potion of degeneration {unknown}
 i - a potion of ambrosia {unknown}
 j - a potion of brilliance {unknown}


   Skills:
 + Level 4.1 Fighting
 - Level 2.1(2.6) Axes
 * Level 2.0(2.4) Maces & Flails
 + Level 2.9 Armour
 + Level 2.0 Dodging
 + Level 0.3 Stealth
 + Level 1.8 Invocations


You had 3 spell levels left.
You didn't know any spells.
Your spell library contained the following spells:

 Spells                   Type           Power      Damage    Failure   Level
 Malign Gateway           Summ/Tloc      0%         N/A       100%        7
 Summon Horrible Things   Summ           0%         N/A       100%        8


Dungeon Overview and Level Annotations

Branches:
Dungeon (2/15)

Altars:


Innate Abilities, Weirdness & Mutations

You have a beak for a mouth.
You have claws for feet.


Message History

There is a stone staircase leading up here.
The gnoll hits you but does no damage. x2; The jackal bites you.
You climb upwards.
There is a stone staircase leading down, spattered with blood here.
You hit the jackal. Your kick misses the jackal.
The jackal is heavily wounded.
The gnoll hits you with a +0 club. The jackal closely misses you.
The gnoll hits you with a +0 whip.
You barely miss the jackal.
The jackal is heavily wounded.
The jackal bites you but does no damage.
The gnoll hits you with a +0 club. The gnoll barely misses you.
The jackal closely misses you.
You hit the jackal.
You kill the jackal!
Lugonu accepts your kill. The gnoll hits you with a +0 club.
The gnoll misses you.
You hit the gnoll. You peck the gnoll, but do no damage.
The gnoll is lightly wounded.
The gnoll hits you but does no damage. The gnoll hits you with a +0 whip.
You barely miss the gnoll. You claw the gnoll.
The gnoll is moderately wounded.
The gnoll misses you. The gnoll hits you with a +0 whip.
You hit the gnoll.
The gnoll is severely wounded.
The gnoll completely misses you. The gnoll hits you but does no damage.
You hit the gnoll but do no damage. You peck the gnoll.
The gnoll is severely wounded.
The gnoll closely misses you. The gnoll barely misses you.
You hit the gnoll.
You kill the gnoll!
Lugonu accepts your kill. The gnoll hits you with a +0 whip.
* * * LOW HITPOINT WARNING * * *
Your Maces & Flails skill increases to level 2!
Your Dodging skill increases to level 2!
You hit the gnoll.
The gnoll is lightly wounded.
The gnoll hits you with a +0 whip.
You die...

###.##...###.....# #.#..##.#.....
#..).....# #.....###.#..##.......
#.#.####.# #.....#........##.....
#.#.## #.# ##....#........##.....
..#..# #.####....#...........###.
####.# #[........#...............
..##.###..###....#.......#.......
.........## #..).#####..########.
#.##.##.## #...@# #.....# #.
#.##.#..## #...g# #.###.## ##
#........# ###### #.###..#####
#........# #.##........
#........# #......)..##
#........###############......##
#........)....†...............#
#........)#####################
#.....>..##


You could see a gnoll.

Vanquished Creatures
  5 gnolls
  An adder (D:2)
  A dart slug (D:2)
  2 bats
  A giant cockroach (D:1)
  5 goblins
  9 hobgoblins (D:1)
  6 jackals (D:1)
  2 quokkas
  A ball python (D:2)
  3 frilled lizards (D:1)
  6 kobolds (D:1)
  4 rats
46 creatures vanquished.

Notes
Turn   | Place    | Note
-------+----------+-------------------------------------------
     0 | Abyss:1  | croobank the Tengu Abyssal Knight began the quest for the
                  | Orb.
     0 | Abyss:1  | Reached XP level 1. HP: 14/14 MP: 3/3
    55 | Abyss:1  | Noticed a ynoxinul
    55 | D:1      | Escaped the Abyss
   422 | D:1      | Reached XP level 2. HP: 6/19 MP: 4/4
   429 | D:1      | Reached * piety under Lugonu
   866 | D:1      | Found a faded altar of an unknown god.
  1054 | D:1      | Reached XP level 3. HP: 13/23 MP: 5/5
  1232 | D:1      | Reached skill level 1 in Maces & Flails
  1444 | D:2      | Reached XP level 4. HP: 24/29 MP: 6/6
  1455 | D:2      | Reached skill level 4 in Fighting
  1456 | D:2      | Reached ** piety under Lugonu
  1825 | D:1      | Slain by a gnoll

Illustrated notes

Levels and vault maps discovered:
D:1:      saegor_arrival_simple_d, layout_rooms,
          ebering_ecumenical_altar_abandoned
D:2:      layout_loops_cross, uniq_terence, uniq_jessica

Skill      XL: |  1  2  3  4 |
---------------+-------------+-----
Maces & Flails | 1 2 |  2.0
Fighting       | 4 |  4.1
Dodging        | 2 |  2.0
Axes           | |  2.1
Armour         | |  2.9
Stealth        | |  0.3
Invocations    | |  1.8

Action                   |  1- 3 |  4- 6 || total
-------------------------+-------+-------++-------
Melee: Hand axe          |    26 |       ||    26
       Kick              |    16 |     8 ||    24
       Peck              |     5 |     5 ||    10
       Whip              |    41 |    28 ||    69
       Punch             |     1 |       ||     1
Invok: Depart the Abyss  |     1 |       ||     1
Armor: Leather armour    |     4 |       ||     4
       Ring mail         |    17 |    12 ||    29
Dodge: Dodged            |    38 |    22 ||    60
